 Dungeon Crawl Stone Soup version 0.20.0-15-g7f486f2 (webtiles) character file.

112 Lavandula the Bolt Thrower (level 4, -1/39 HPs)
             Began as a Deep Dwarf Hunter on June 10, 2017.
             Killed by divine providence
             ... invoked by an orc priest
              (10 damage)
             ... on level 3 of the Dungeon.
             The game lasted 00:02:45 (1310 turns).

Lavandula the Bolt Thrower (Deep Dwarf Hunter)      Turns: 1310, Time: 00:02:46

Health: -1/39      AC:  6    Str: 15    XL:     4   Next: 64%
Magic:  4/4        EV: 11    Int: 12    God:
Gold:   114        SH:  0    Dex: 14    Spells: 3/3 levels left

rFire    . . .     SeeInvis .   a - +1 hand crossbow
rCold    . . .     Gourm    .   (no shield)
rNeg     . . .     Faith    .   r - +0 ring mail
rPois    .         Spirit   .   (no helmet)
rElec    .         Reflect  .   (no cloak)
rCorr    .         Harm     .   q - +0 pair of gloves
MR       .....                  (no boots)
Stlth    +.........             (no amulet)
Regen    0.0/turn               (no ring)
MPRegen  0.1/turn               (no ring)

@: non-regenerating
A: damage resistance, heal wounds, sense surroundings 1, no regeneration
a: Heal Wounds


You were on level 3 of the Dungeon.
You were very hungry.

You visited 1 branch of the dungeon, and saw 3 of its levels.

You collected 114 gold pieces.

Inventory:

Hand Weapons
 a - a +1 hand crossbow (weapon)
 b - a +0 short sword
Missiles
 d - 49 bolts (quivered)
Armour
 c - a +0 leather armour
 q - a +0 pair of gloves (worn)
 r - a +0 ring mail (worn)
Jewellery
 k - a +3 ring of protection {unknown}
 m - a +4 ring of evasion {unknown}
Wands
 p - a wand of lightning (6/15)
Scrolls
 e - 2 scrolls of enchant weapon {unknown}
 i - 2 scrolls of identify {unknown}
 j - a scroll of amnesia {unknown}
 n - a scroll of blinking {unknown}
Potions
 g - a potion of flight {unknown}
 h - 3 potions of brilliance {unknown}
 l - 2 potions of haste {unknown}
Comestibles
 f - a bread ration
 o - 2 meat rations
 s - 2 royal jellies
 t - a fruit


   Skills:
 - Level 1.7 Fighting
 + Level 6.7 Crossbows
 - Level 2.1 Dodging
 - Level 1.2 Stealth


You had 3 spell levels left.
You didn't know any spells.

Dungeon Overview and Level Annotations

Branches:
Dungeon (3/15)

Altars:


Innate Abilities, Weirdness & Mutations

You are resistant to damage.
You can heal yourself by infusing magical energy.
You passively map a small area around you.
You do not regenerate.


Message History

You shoot a bolt. The bolt hits the frilled lizard!
You kill the frilled lizard!
The orc priest invokes the aid of Beogh against you.
Beogh smites you!
Firing (i - inventory):
d - 51 bolts (quivered)
Press: ? - help, Shift-Dir - straight line, f - orc priest
Aim: an orc priest (moderately wounded)
You shoot a bolt. The bolt barely misses the orc priest.
The orc priest calls down the wrath of Beogh upon you.
Beogh smites you!
* * * LOW HITPOINT WARNING * * *
The orc priest looks satisfied for a moment.
Firing (i - inventory):
d - 50 bolts (quivered)
Press: ? - help, Shift-Dir - straight line, f/p - orc priest
Aim: an orc priest (moderately wounded)
You shoot a bolt. The bolt hits the orc priest.
The orc priest is severely wounded.
The orc priest calls down the wrath of Beogh upon you.
Beogh smites you!
You die...

#.# #..,.#. *..# ,. #.#
#####.# *..##..###.. *
#.# ##....#* *..).....
* ##.# ##....# *#.#l..
...# ##.....## #.#.#
.#####.......# ##(..#
.............## ##oo..#
*
.#####........###(###.#
, ..# ##.....##..@## .#
* #.# ##...####.## .#
.# #..## #.# .# * , .#
##.# #.# * .#* , , * .#
#.# #.# ,,.# .# #..
*#.. , , , #.+ **### ,
,, #.# * #.


You could see 2 orc priests.

Vanquished Creatures
  An orc priest (D:3)
  A gnoll (D:1)
  4 adders
  4 leopard geckos
  2 giant cockroaches
  3 hobgoblins
  3 jackals (D:2)
  A quokka (D:2)
  5 bats
  A frilled lizard (D:3)
  5 goblins
  4 kobolds
  4 rats
38 creatures vanquished.

Notes
Turn   | Place    | Note
-------+----------+-------------------------------------------
     0 | D:1      | Lavandula the Deep Dwarf Hunter began the quest for the Orb.
     0 | D:1      | Reached XP level 1. HP: 19/19 MP: 1/1
   130 | D:1      | Reached skill level 5 in Crossbows
   130 | D:1      | Reached XP level 2. HP: 26/26 MP: 2/2
   509 | D:1      | Reached XP level 3. HP: 32/32 MP: 3/3
   881 | D:2      | Reached skill level 6 in Crossbows
  1104 | D:2      | Reached XP level 4. HP: 39/39 MP: 4/4
  1310 | D:3      | Killed from afar by an orc priest

Skill      XL: |  1  2  3 |
---------------+----------+-----
Crossbows      | 5 6 |  6.7
Fighting       | |  1.7
Dodging        | |  2.1
Stealth        | |  1.2

Action                   |  1- 3 |  4- 6 || total
-------------------------+-------+-------++-------
Melee: Short sword       |     7 |     4 ||    11
 Fire: Hand crossbow     |    53 |    17 ||    70
Armor: Leather armour    |     4 |       ||     4
       Ring mail         |       |     1 ||     1
Dodge: Dodged            |    10 |     8 ||    18
